 Dungeon Crawl Stone Soup version 0.22-a0-274-gf8199ec (webtiles) character file.

7162 Amnesiac the Destroyer (level 10, 0/66 HPs)
             Began as a Deep Elf Wizard on Mar 14, 2018.
             Was a Believer of Sif Muna.
             Slain by a basilisk (6 damage)
             ... on level 1 of the Lair of Beasts on Mar 15, 2018.
             The game lasted 00:16:35 (8953 turns).

Amnesiac the Destroyer (Deep Elf Wizard)            Turns: 8953, Time: 00:16:35

Health: 0/66       AC:  4    Str: 10    XL:     10   Next: 86%
Magic:  33/33      EV:  2    Int: 27    God:    Sif Muna [**....]
Gold:   234        SH:  0    Dex: 13    Spells: 15/26 levels left

rFire    . . .     SeeInvis .   v - +2 dagger (venom)
rCold    . . .     Gourm    .   (no shield)
rNeg     + + +     Faith    .   a - +0 robe
rPois    ∞         Spirit   .   s - +1 helmet
rElec    .         Reflect  .   (no cloak)
rCorr    .         Harm     .   (no gloves)
MR       +....                  (no boots)
Stlth    ++........             k - amulet of rage
HPRegen  0.21/turn              q - ring of magical power
MPRegen  0.23/turn              c - +6 ring of strength

@: petrified, divine energy
A: no striking features
a: Stop Divine Energy, Renounce Religion, Evoke Berserk Rage


You were on level 1 of the Lair of Beasts.
You worshipped Sif Muna.
Sif Muna was pleased with you.
You were very hungry.

You visited 3 branches of the dungeon, and saw 11 of its levels.

You collected 234 gold pieces.

Inventory:

Hand Weapons
 v - a +2 dagger of venom (weapon)
 B - a +1 dagger of pain
Missiles
 f - 8 curare-tipped needles
 G - 2 throwing nets (quivered)
Armour
 a - a +0 robe (worn)
 p - a +2 shield
 s - a +1 helmet (worn)
Jewellery
 c - a +6 ring of strength (right hand)
 g - an uncursed ring of ice
 k - an amulet of rage (around neck)
 m - an uncursed ring of poison resistance
 q - a ring of magical power (left hand)
 C - an uncursed ring of protection from fire
Wands
 l - a wand of flame (21)
 L - a wand of random effects (21)
Scrolls
 b - 4 scrolls of amnesia {!r}
 n - 4 scrolls of fear {!r}
 t - 3 scrolls of identify {!r}
 w - 2 scrolls of fog {!r}
 x - 3 scrolls of enchant weapon {!r}
 z - a scroll of enchant armour {!r}
 E - 3 scrolls of teleportation {!r}
 H - 4 scrolls of remove curse {!r}
 J - a scroll of random uselessness {!r, unknown}
Potions
 e - 3 potions of mutation {!q, unknown}
 h - 5 potions of curing {!q, unknown}
 i - 3 potions of flight {!q, unknown}
 j - 3 potions of heal wounds {!q}
 o - 2 potions of haste {!q}
 r - a potion of might {!q, unknown}
 u - a potion of resistance {!q, unknown}
 A - a potion of cancellation {!q}
 F - a potion of degeneration {!q, unknown}
 I - a potion of lignification {!q, unknown}
 K - a potion of brilliance {!q, unknown}
Comestibles
 d - 11 rations


   Skills:
 - Level 9.0 Fighting
 - Level 9.0 Dodging
 - Level 2.4 Stealth
 + Level 8.9 Spellcasting
 * Level 9.9 Conjurations
 - Level 1.1 Summonings
 - Level 1.1 Translocations


You had 15 spell levels left.
You knew the following spells:

 Your Spells              Type           Power        Failure   Level  Hunger
a - Magic Dart            Conj           ####         1%          1    None
b - Call Imp              Summ           ###.....     4%          2    None
e - Mephitic Cloud        Conj/Pois/Air  ####....     3%          3    None
s - Conjure Flame         Conj/Fire      #####...     1%          3    None
v - Blink                 Tloc           N/A          4%          2    None


Dungeon Overview and Level Annotations

Branches:
Dungeon (9/15)             Temple (1/1) D:7            Lair (1/6) D:8
    Orc: D:9-12

Altars:
Ashenzari
Cheibriados
Dithmenos
Elyvilon
Nemelex Xobeh
Ru
Sif Muna
Trog

Annotations:
D:9 Erolcha


Message History

The yak gores you!
* * * LOW HITPOINT WARNING * * *
A stone arrow appears from out of thin air!
The stone arrow misses you.
There is an escape hatch in the ceiling here.
A mysterious force pulls you upwards. The hatch slams shut behind you.
A worker ant zombie is nearby!
Casting: Magic Dart (safe; 1% risk of failure)
Confirm with . or Enter, or press ? or * to list all spells.
Aiming: Conjure Flame (safe; 1% risk of failure)
Press: ? - help, Dir - move target cursor, f - worker ant zombie
Aim: a worker ant zombie
Okay, then.
Casting: Conjure Flame (safe; 1% risk of failure)
Confirm with . or Enter, or press ? or * to list all spells.
Aiming: Conjure Flame (safe; 1% risk of failure)
Press: ? - help, Dir - move target cursor The fire ignites!
You hit the worker ant zombie.
The worker ant zombie is lightly damaged.
The worker ant zombie is engulfed in blazing flames.
The worker ant zombie misses you.
You hit the worker ant zombie but do no damage.
The worker ant zombie is severely damaged.
The worker ant zombie is engulfed in blazing flames.
You destroy the worker ant zombie!
Sif Muna accepts your kill.
You start resting.
Magic restored.
Autopickup is now on.
You start resting.
Magic restored.
You start resting.
You are feeling very hungry.
There is a staircase to the Lair here.
You climb downwards.
Welcome to the Lair of Beasts!
A basilisk and a wyvern come into view.
The basilisk hisses angrily.
The wyvern hisses angrily.
Found 18 gold pieces.
There is a staircase back to the Dungeon here.
The basilisk gazes at you.
You are slowing down.
Your limbs are stiffening.
There is a staircase back to the Dungeon here.
Unknown command.
The basilisk gazes at you.
Your limbs have turned to stone.
You have turned to stone.
The wyvern bites you! x2
The wyvern bites you. The wyvern bites you!
* * * LOW HITPOINT WARNING * * *
The wyvern bites you!
* * * LOW HITPOINT WARNING * * *
The wyvern bites you!
* * * LOW HITPOINT WARNING * * *
The wyvern bites you!
* * * LOW HITPOINT WARNING * * *
The basilisk bites you!
* * * LOW HITPOINT WARNING * * *
The wyvern bites you but does no damage.
The wyvern bites you.
* * * LOW HITPOINT WARNING * * *
The basilisk bites you!
You die...

## .#
#########.##...#
........@l......
.........l......
................
.........$......
#.#####.####...P
# ### ...# ..#
.#


You could see a basilisk and a wyvern.

Vanquished Creatures
  A hydra (D:7)
  A two-headed ogre (D:8)
  Joseph (D:8)
  Grinder (D:3)
  3 hippogriffs
  2 yaks (D:9)
  2 wyverns (D:8)
  Menkaure (D:5)
  An ice beast (D:8)
  A black bear (D:7)
  3 phantoms
  A sky beast (D:7)
  8 ogres
  3 centaurs
  Blork the orc (D:4)
  A gnoll sergeant (D:8)
  4 bullfrogs
  A wyvern skeleton (D:9)
  8 scorpions
  A water moccasin skeleton (D:9)
  5 killer bees (D:8)
  2 wights (D:7)
  4 howler monkeys
  A crimson imp (D:6)
  2 bullfrog zombies (D:7)
  3 centaur zombies
  4 hounds
  A gnoll shaman (D:5)
  4 jellies
  2 bullfrog skeletons
  5 centaur skeletons
  Jessica (D:3)
  An iguana (D:4)
  6 worker ants
  3 orc wizards
  2 hound zombies
  A hound skeleton (D:4)
  A howler monkey zombie (D:5)
  A worker ant zombie (D:8)
  9 gnolls
  12 adders
  A shadow imp (D:5)
  An ooze (D:5)
  An adder zombie (D:6)
  4 adder skeletons
  5 worms
  2 dart slugs
  4 leopard geckos
  17 orcs
  5 bats
  9 giant cockroaches
  5 goblins
  12 hobgoblins
  2 jackals (D:6)
  8 kobolds
  3 quokkas
  2 ball pythons
  5 frilled lizards
  A giant cockroach zombie (D:5)
  A leopard gecko zombie (D:8)
  A quokka zombie (D:5)
  8 rats
212 creatures vanquished.

Vanquished Creatures (collateral kills)
  A bullfrog (D:6)
  A wight (D:7)
  A worker ant (D:6)
  An orc (D:7)
  A jackal (D:6)
5 creatures vanquished.

Grand Total: 217 creatures vanquished

Notes
Turn   | Place    | Note
-------+----------+-------------------------------------------
     0 | D:1      | Amnesiac the Deep Elf Wizard began the quest for the Orb.
     0 | D:1      | Reached XP level 1. HP: 10/10 MP: 7/7
   182 | D:1      | Reached XP level 2. HP: 16/16 MP: 2/9
   354 | D:1      | Reached skill level 1 in Fighting
   834 | D:2      | Reached XP level 3. HP: 20/20 MP: 6/11
   838 | D:2      | Learned a level 2 spell: Blink
   841 | D:2      | Learned a level 2 spell: Call Imp
   845 | D:2      | Learned a level 3 spell: Conjure Flame
   849 | D:2      | Learned a level 3 spell: Mephitic Cloud
  1565 | D:2      | Found a faded altar of an unknown god.
  1658 | D:2      | Reached XP level 4. HP: 26/26 MP: 10/12
  1806 | D:3      | Noticed Jessica
  1809 | D:3      | Killed Jessica
  1824 | D:3      | Noticed Grinder
  1832 | D:3      | Killed Grinder
  1832 | D:3      | Reached skill level 5 in Conjurations
  1832 | D:3      | Reached XP level 5. HP: 7/31 MP: 5/13
  1832 | D:3      | Reached XP level 6. HP: 8/36 MP: 5/14
  2683 | D:4      | Reached XP level 7. HP: 19/41 MP: 15/15
  3201 | D:4      | Reached skill level 5 in Spellcasting
  3333 | D:4      | Found a sparkling altar of Nemelex Xobeh.
  3533 | D:4      | Noticed Blork the orc
  3549 | D:4      | Killed Blork the orc
  3639 | D:5      | Entered Level 5 of the Dungeon
  3662 | D:5      | Noticed Menkaure
  4020 | D:5      | Found a snail-covered altar of Cheibriados.
  4254 | D:5      | Killed Menkaure
  4254 | D:5      | Reached skill level 5 in Fighting
  4254 | D:5      | Reached skill level 5 in Dodging
  4254 | D:5      | Reached XP level 8. HP: 41/49 MP: 16/18
  5071 | D:6      | HP: 1/51 [jackal (3)]
  5519 | D:7      | Noticed a four-headed hydra
  5544 | D:7      | Killed a four-headed hydra
  5544 | D:7      | Reached XP level 9. HP: 19/57 MP: 5/20
  6854 | D:7      | Found a staircase to the Ecumenical Temple.
  7235 | D:8      | Noticed a two-headed ogre
  7259 | Temple   | Entered the Ecumenical Temple
  7264 | Temple   | Became a worshipper of Sif Muna the Loreminder
  7300 | D:8      | Reached XP level 10. HP: 66/66 MP: 11/21
  7416 | D:8      | Noticed Joseph
  7417 | D:8      | Killed a two-headed ogre
  7446 | D:8      | Killed Joseph
  7446 | D:8      | Reached * piety under Sif Muna
  7719 | D:8      | Found a staircase to the Lair.
  8724 | D:9      | Reached ** piety under Sif Muna
  8771 | D:9      | Noticed Erolcha
  8944 | Lair:1   | Entered Level 1 of the Lair of Beasts
  8953 | Lair:1   | Slain by a basilisk

Vault maps used:
D:1:      scummos_arrival_checkerplants
D:2:      chequers_ecumenical_altar_island
D:3:      first_ration, uniq_grinder, uniq_jessica
D:4:      nemelex_lonely_heart_becter, uniq_blork_the_orc
D:5:      kennysheep_slug_shrine, uniq_menkaure
D:7:      cheibrodos_barr_body, minmay_temple_entry_from_below_b
D:8:      lair_entry_dummy, uniq_joseph
D:9:      hangedman_ranch, uniq_erolcha
Temple:   grunt_wide_crystal_templ
Lair:1:   gammafunk_cloud_chamber, serial_bayou_pond_d

Skill      XL: |  1  2  3  4  5  6  7  8  9 10 |
---------------+-------------------------------+-----
Fighting       | 1 2 3 5 7 9 |  9.0
Conjurations   | 2 5 6 9 |  9.9
Dodging        | 3 5 7 9 |  9.0
Spellcasting   | 5 6 8 |  8.9
Stealth        | |  2.4
Summonings     | |  1.1
Translocations | |  1.1

Action                   |  1- 3 |  4- 6 |  7- 9 | 10-12 || total
-------------------------+-------+-------+-------+-------++-------
Melee: Unarmed           |     5 |       |       |       ||     5
       Dagger            |       |    12 |   105 |    67 ||   184
 Cast: Magic Dart        |   111 |    63 |   304 |   141 ||   619
       Mephitic Cloud    |     1 |       |    10 |    10 ||    21
       Conjure Flame     |       |     3 |    23 |    17 ||    43
       Blink             |       |       |     6 |     1 ||     7
       Call Imp          |       |       |     5 |       ||     5
Invok: Divine Energy     |       |       |       |     1 ||     1
  Use: Scroll            |     4 |     5 |     4 |       ||    13
 Stab: Distracted        |       |     1 |       |       ||     1
       Confused          |       |       |     1 |     7 ||     8
  Eat: Chunk             |     2 |     3 |    15 |     4 ||    24
Armor: Robe              |     6 |       |     4 |    12 ||    22
       Leather armour    |       |     5 |    27 |       ||    32
Dodge: Dodged            |    17 |    13 |   143 |    68 ||   241

Table legend:
 A = Spawn XP
 B = Non-spawn XP
 C = Spawn XP percentage of total XP
 D = Spawn monster count
 E = Non-spawn monster count
 F = Spawn count percentage of total count
 G = Total turns spent on level
                    A         B        C        D         E        F      G
               +---------+---------+-------+---------+---------+-------+---------
         Total |       0 |   10232 |   0.0 |       0 |     217 |   0.0 |  8953
               +---------+---------+-------+---------+---------+-------+---------
           D:1 |       0 |      35 |   0.0 |       0 |      21 |   0.0 |   782
           D:2 |       0 |      62 |   0.0 |       0 |      23 |   0.0 |  1015
           D:3 |       0 |     444 |   0.0 |       0 |      26 |   0.0 |   774
           D:4 |       0 |     639 |   0.0 |       0 |      21 |   0.0 |  1068
           D:5 |       0 |     536 |   0.0 |       0 |      21 |   0.0 |  1113
           D:6 |       0 |     578 |   0.0 |       0 |      16 |   0.0 |   767
           D:7 |       0 |    3144 |   0.0 |       0 |      37 |   0.0 |  1652
           D:8 |       0 |    3510 |   0.0 |       0 |      38 |   0.0 |  1476
           D:9 |       0 |    1284 |   0.0 |       0 |      14 |   0.0 |   286
               +---------+---------+-------+---------+---------+-------+---------
